[ AOE2 MATCH · #482530833 ]
1v1 RMShu vs Franks
Player's team · WIN
Rival team · LOSS
[ REPLAY ANALYSIS · EXTRACTED FROM THE RECORDED GAME ]
Feudal
8:38
Castle
21:23
Imperial
—
| APM avg | 33.4 |
| APM peak | 79 |
| eAPM avg | 13.9 |
| Villagers / military | 77 / 32 |
Focus
⚔️ 25.6% · 🌾 74.4%
Archer ×12 · Spearman ×12 · Scout Cavalry ×8
Feudal
8:42
Castle
13:11
Imperial
—
| APM avg | 23.8 |
| APM peak | 49 |
| eAPM avg | 13.0 |
| Villagers / military | 94 / 13 |
Focus
⚔️ 12.2% · 🌾 87.8%
Knight ×8 · Monk ×3 · Spearman ×2
Match map
Initial resources + every placement click. Lines = walls · curves = elevation contours. ◆ gold · ⬟ stone · ● berries · ✦ relic · ◌ wall gap
Your base· ✓ Closed at 21:23 · 38t walls · no gate
kyx19842002's base· Open — opponent sealed themselves in
Smoothed initial terrain · ◌ = detected wall gap · hover for details
Inputs per minute
— Aaronmuros - - kyx19842002
Build order — Aaronmuros
First 150 of 187 actions detected
| 0:02 | Create | Villager (Male) |
| 0:02 | Create | Villager (Male) |
| 0:44 | Create | Villager (Male) |
| 0:44 | Create | Villager (Male) |
| 0:59 | Build | House |
| 1:47 | Create | Villager (Male) |
| 1:47 | Create | Villager (Male) |
| 2:19 | Create | Villager (Male) |
| 2:19 | Create | Villager (Male) |
| 2:44 | Create | Villager (Male) |
| 2:44 | Create | Villager (Male) |
| 2:54 | Build | Mill |
| 2:58 | Create | Villager (Male) |
| 3:18 | Build | House |
| 4:15 | Create | Villager (Male) |
| 4:15 | Create | Villager (Male) |
| 4:15 | Create | Villager (Male) |
| 4:39 | Build | Palisade Wall |
| 4:42 | Create | Villager (Male) |
| 4:42 | Create | Villager (Male) |
| 5:01 | Build | Palisade Wall |
| 5:06 | Create | Villager (Male) |
| 5:07 | Create | Villager (Male) |
| 5:07 | Create | Villager (Male) |
| 5:08 | Create | Villager (Male) |
| 5:25 | Create | Villager (Male) |
| 5:25 | Create | Villager (Male) |
| 5:44 | Build | Lumber Camp |
| 6:17 | Research | Loom |
| 6:28 | Research | Feudal Age |
| 6:29 | Research | Loom |
| 6:43 | Build | Palisade Wall |
| 6:58 | Build | Mill |
| 7:08 | Build | Palisade Wall |
| 7:18 | Build | Palisade Wall |
| 7:23 | Create | Villager (Male) |
| 7:23 | Create | Villager (Male) |
| 7:34 | Build | Barracks |
| 7:44 | Build | Palisade Wall |
| 8:12 | Build | House |
| 8:38 | Age | Feudal Age |
| 9:06 | Build | Stable |
| 9:17 | Build | House |
| 9:39 | Build | Farm |
| 9:39 | Build | Farm |
| 9:39 | Build | Farm |
| 9:39 | Build | Farm |
| 9:43 | Create | Scout Cavalry |
| 9:44 | Create | Scout Cavalry |
| 9:44 | Create | Scout Cavalry |
| 9:44 | Create | Scout Cavalry |
| 9:45 | Create | Scout Cavalry |
| 10:13 | Build | Farm |
| 10:15 | Create | Scout Cavalry |
| 10:16 | Create | Scout Cavalry |
| 10:38 | Build | Farm |
| 10:39 | Create | Villager (Male) |
| 10:40 | Create | Villager (Male) |
| 11:15 | Create | Villager (Male) |
| 11:23 | Build | Blacksmith |
| 11:26 | Create | Scout Cavalry |
| 12:03 | Research | Scale Barding Armor |
| 12:07 | Build | Mining Camp |
| 12:11 | Create | Villager (Male) |
| 12:11 | Create | Villager (Male) |
| 12:15 | Build | Farm |
| 12:22 | Build | Farm |
| 12:24 | Create | Villager (Male) |
| 12:24 | Create | Villager (Male) |
| 12:25 | Create | Villager (Male) |
| 12:26 | Create | Villager (Male) |
| 14:10 | Create | Villager (Male) |
| 14:11 | Create | Villager (Male) |
| 14:15 | Build | House |
| 14:16 | Build | House |
| 14:19 | Create | Villager (Male) |
| 14:19 | Create | Villager (Male) |
| 14:29 | Build | Farm |
| 14:29 | Build | Farm |
| 14:30 | Build | Farm |
| 14:58 | Build | Farm |
| 14:58 | Build | Farm |
| 14:58 | Build | Farm |
| 15:14 | Build | House |
| 15:15 | Build | House |
| 15:44 | Build | Market |
| 15:47 | Create | Villager (Male) |
| 15:48 | Create | Villager (Male) |
| 16:13 | Build | Archery Range |
| 16:16 | Create | Villager (Male) |
| 16:16 | Create | Villager (Male) |
| 16:21 | Build | Farm |
| 16:23 | Research | Double-Bit Axe |
| 16:39 | Build | Farm |
| 16:41 | Create | Villager (Male) |
| 17:03 | Build | Farm |
| 17:10 | Create | Villager (Male) |
| 17:17 | Build | Farm |
| 17:30 | Build | Farm |
| 18:13 | Build | Farm |
| 18:25 | Build | Farm |
| 18:42 | Research | Castle Age |
| 18:46 | Create | Villager (Male) |
| 18:46 | Create | Villager (Male) |
| 18:52 | Build | Archery Range |
| 19:03 | Create | Spearman |
| 19:03 | Create | Spearman |
| 19:03 | Create | Spearman |
| 19:12 | Build | Barracks |
| 19:21 | Create | Spearman |
| 19:22 | Create | Spearman |
| 19:30 | Build | House |
| 19:32 | Build | House |
| 19:46 | Research | Fletching |
| 19:47 | Research | Padded Archer Armor |
| 19:53 | Create | Archer |
| 19:53 | Create | Archer |
| 20:03 | Build | House |
| 20:10 | Build | House |
| 20:20 | Build | House |
| 20:30 | Create | Archer |
| 20:30 | Create | Archer |
| 20:51 | Create | Archer |
| 20:52 | Create | Archer |
| 21:06 | Build | House |
| 21:23 | Age | Castle Age |
| 21:34 | Research | Crossbowman (upgrade) |
| 21:37 | Create | Villager (Male) |
| 21:37 | Create | Villager (Male) |
| 21:37 | Create | Villager (Male) |
| 22:04 | Create | Archer |
| 22:05 | Create | Archer |
| 22:06 | Create | Archer |
| 22:06 | Create | Archer |
| 22:25 | Build | Farm |
| 22:41 | Create | Villager (Male) |
| 22:41 | Create | Villager (Male) |
| 22:41 | Create | Villager (Male) |
| 22:54 | Create | Spearman |
| 22:54 | Research | Pikeman (upgrade) |
| 22:55 | Create | Spearman |
| 22:55 | Create | Spearman |
| 23:28 | Build | Town Center |
| 23:45 | Research | Scale Mail Armor |
| 23:46 | Research | Leather Archer Armor |
| 24:10 | Create | Spearman |
| 24:10 | Create | Spearman |
| 24:11 | Create | Spearman |
| 24:11 | Create | Spearman |
| 24:19 | Create | Villager (Male) |
Build order — kyx19842002
First 150 of 154 actions detected
| 0:08 | Build | House |
| 0:14 | Create | Villager (Male) |
| 0:14 | Create | Villager (Male) |
| 0:14 | Create | Villager (Male) |
| 0:29 | Build | Lumber Camp |
| 0:48 | Create | Villager (Male) |
| 0:48 | Create | Villager (Male) |
| 0:48 | Create | Villager (Male) |
| 0:56 | Create | Villager (Male) |
| 0:56 | Create | Villager (Male) |
| 1:29 | Create | Villager (Male) |
| 2:06 | Create | Villager (Male) |
| 2:07 | Create | Villager (Male) |
| 2:45 | Create | Villager (Male) |
| 2:46 | Create | Villager (Male) |
| 2:48 | Create | Villager (Male) |
| 2:48 | Create | Villager (Male) |
| 2:48 | Create | Villager (Male) |
| 2:53 | Build | House |
| 2:54 | Build | House |
| 3:35 | Create | Villager (Male) |
| 3:35 | Create | Villager (Male) |
| 4:03 | Build | Mill |
| 4:27 | Create | Villager (Male) |
| 4:28 | Create | Villager (Male) |
| 4:31 | Create | Villager (Male) |
| 4:31 | Create | Villager (Male) |
| 5:08 | Build | Farm |
| 5:09 | Build | Farm |
| 5:12 | Build | Farm |
| 5:38 | Create | Villager (Male) |
| 5:38 | Create | Villager (Male) |
| 6:06 | Build | Farm |
| 6:14 | Build | Mining Camp |
| 6:22 | Research | Feudal Age |
| 8:10 | Create | Villager (Male) |
| 8:11 | Create | Villager (Male) |
| 8:42 | Age | Feudal Age |
| 8:45 | Build | Market |
| 8:48 | Build | Farm |
| 8:50 | Build | Farm |
| 8:51 | Build | Farm |
| 8:52 | Build | Farm |
| 9:21 | Build | Blacksmith |
| 9:36 | Create | Villager (Male) |
| 9:51 | Build | Farm |
| 10:06 | Create | Villager (Male) |
| 10:08 | Build | Farm |
| 10:26 | Build | House |
| 10:27 | Build | House |
| 10:31 | Research | Castle Age |
| 10:31 | Research | Castle Age |
| 10:31 | Research | Castle Age |
| 11:11 | Build | House |
| 11:21 | Research | Double-Bit Axe |
| 11:52 | Build | Barracks |
| 12:26 | Build | Lumber Camp |
| 12:35 | Create | Villager (Male) |
| 12:35 | Create | Villager (Male) |
| 12:49 | Create | Spearman |
| 12:50 | Create | Spearman |
| 13:11 | Age | Castle Age |
| 13:23 | Research | Loom |
| 13:40 | Build | Stable |
| 14:36 | Create | Knight |
| 14:36 | Create | Knight |
| 15:06 | Create | Villager (Male) |
| 15:06 | Create | Villager (Male) |
| 15:06 | Create | Villager (Male) |
| 15:06 | Create | Villager (Male) |
| 15:06 | Create | Villager (Male) |
| 15:17 | Create | Villager (Male) |
| 15:59 | Create | Villager (Male) |
| 16:05 | Create | Villager (Male) |
| 16:45 | Create | Villager (Male) |
| 16:56 | Build | Town Center |
| 16:58 | Create | Villager (Male) |
| 17:01 | Create | Villager (Male) |
| 17:10 | Create | Knight |
| 17:10 | Create | Knight |
| 18:04 | Create | Knight |
| 18:11 | Create | Villager (Male) |
| 18:23 | Build | Town Center |
| 18:29 | Create | Villager (Male) |
| 19:02 | Create | Villager (Male) |
| 19:17 | Create | Villager (Male) |
| 19:36 | Create | Villager (Male) |
| 19:36 | Create | Villager (Male) |
| 19:52 | Create | Villager (Male) |
| 19:53 | Create | Villager (Male) |
| 19:55 | Research | Gold Mining |
| 19:55 | Research | Gold Mining |
| 19:59 | Research | Scale Barding Armor |
| 20:05 | Create | Villager (Male) ×3 |
| 21:33 | Create | Villager (Male) ×5 |
| 21:33 | Create | Villager (Male) ×5 |
| 21:40 | Build | House |
| 21:41 | Build | House |
| 21:42 | Build | House |
| 21:43 | Build | House |
| 22:35 | Create | Villager (Male) ×4 |
| 22:35 | Create | Villager (Male) ×4 |
| 22:42 | Build | Monastery |
| 23:03 | Research | Stone Mining |
| 23:17 | Build | Lumber Camp |
| 23:30 | Build | Archery Range |
| 23:31 | Create | Monk |
| 23:32 | Create | Monk |
| 23:42 | Build | Farm |
| 23:46 | Create | Villager (Male) ×3 |
| 23:46 | Create | Villager (Male) ×3 |
| 23:54 | Build | Farm |
| 23:57 | Build | Farm |
| 24:01 | Build | Farm |
| 24:06 | Build | Farm |
| 24:09 | Build | Farm |
| 24:19 | Build | Farm |
| 24:23 | Create | Villager (Male) ×3 |
| 24:23 | Create | Villager (Male) ×3 |
| 24:29 | Build | Mining Camp |
| 24:48 | Research | Elite Skirmisher (upgrade) |
| 25:00 | Create | Villager (Male) |
| 25:00 | Create | Villager (Male) |
| 25:06 | Build | Farm |
| 25:12 | Create | Villager (Male) ×2 |
| 25:12 | Create | Villager (Male) ×2 |
| 25:12 | Create | Villager (Male) ×2 |
| 25:17 | Build | Farm |
| 25:28 | Build | Farm |
| 25:33 | Build | Farm |
| 25:45 | Research | Wheelbarrow |
| 25:51 | Build | Farm |
| 25:55 | Research | Town Watch |
| 26:21 | Create | Villager (Male) ×2 |
| 26:22 | Create | Villager (Male) ×2 |
| 26:32 | Build | House |
| 26:33 | Build | House |
| 26:35 | Build | House |
| 26:48 | Research | Gold Shaft Mining |
| 26:59 | Build | House |
| 27:00 | Build | House |
| 27:01 | Build | House |
| 27:08 | Create | Monk |
| 27:16 | Research | Forging |
| 27:16 | Research | Forging |
| 27:18 | Create | Knight |
| 27:29 | Build | Stable |
| 27:29 | Build | Stable |
| 27:37 | Build | Stable |
| 28:22 | Create | Knight |
Match timeline
| 4:39 | Aaronmuros · wall_segment Palisade Wall x4 |
| 5:01 | Aaronmuros · wall_segment Palisade Wall x5 |
| 6:43 | Aaronmuros · wall_segment Palisade Wall x3 |
| 7:08 | Aaronmuros · wall_segment Palisade Wall x2 |
| 7:18 | Aaronmuros · wall_segment Palisade Wall x19 |
| 7:34 | Aaronmuros · first_building Barracks |
| 7:44 | Aaronmuros · wall_segment Palisade Wall x5 |
| 8:38 | Aaronmuros · age_up feudal |
| 8:42 | kyx19842002 · age_up feudal |
| 9:06 | Aaronmuros · first_building Stable |
| 11:52 | kyx19842002 · first_building Barracks |
| 13:11 | kyx19842002 · age_up castle |
| 13:40 | kyx19842002 · first_building Stable |
| 16:13 | Aaronmuros · first_building Archery Range |
| 18:37 | Aaronmuros · first_market_buy 100 food |
| 21:23 | Aaronmuros · age_up castle |
| 22:42 | kyx19842002 · first_building Monastery |
| 23:30 | kyx19842002 · first_building Archery Range |
| 27:18 | Aaronmuros · first_building Monastery |
| 28:42 | kyx19842002 · resign |
[ AI ANALYSIS · 1 CREDIT ]
What really happened in this match?
Wolo.gg analyzes every decision: build order, eco, micro, common mistakes by bracket. Personalized analysis on WhatsApp or Discord in 30 seconds.
Civ guide
Shu
Map guide
QS Runestones
Perfil
Jugador #5413934